 Dungeon Crawl Stone Soup version 0.21.1-1-g345015f (webtiles) character file.

8778 Kurtz the Martial Artist (level 11, -1/78 HPs)
             Began as a Mummy Monk on May 27, 2018.
             Slain by an acid dragon (3 damage)
             ... on level 8 of the Dungeon.
             The game lasted 00:44:08 (38379 turns).

Kurtz the Martial Artist (Mummy Monk)              Turns: 38379, Time: 00:44:09

Health: -1/78      AC:  5    Str: 15    XL:     11   Next: 14%
Magic:  11/11      EV: 14    Int: 12    God:
Gold:   36         SH:  0    Dex: 18    Spells: 10/10 levels left

rFire    x . .     SeeInvis .     - Unarmed
rCold    + . .     Gourm    .   (no shield)
rNeg     + + +     Faith    .   (no armour)
rPois    ∞         Spirit   .   k - +2 helmet {Int+3}
rElec    .         Reflect  .   g - +2 cloak {+Inv}
rCorr    .         Harm     .   a - +0 pair of gloves
MR       +....                  r - +1 pair of boots
Stlth    +++.......             (no amulet)
HPRegen  0.23/turn              (no ring)
MPRegen  0.12/turn              (no ring)

@: corroded
A: no food or potions, fire vulnerability, cold resistance 1, negative energy
resistance 3, torment resistance, unbreathing
a: Evoke Invisibility


You were on level 8 of the Dungeon.
You were not hungry.

You visited 1 branch of the dungeon, and saw 11 of its levels.
You visited 1 bazaar.

You collected 604 gold pieces.
You spent 568 gold pieces at shops.

Inventory:

Armour
 a - a +0 pair of gloves (worn)
 g - a +2 cloak of invisibility (worn)
 k - a +2 helmet of intelligence (worn)
 r - a +1 pair of boots (worn)
Wands
 f - a wand of polymorph (14)
 m - a wand of paralysis (39)
 q - a wand of acid (4)
Scrolls
 b - 3 scrolls of teleportation
 c - a scroll of immolation
 e - a scroll of noise
 h - 4 scrolls of remove curse
 j - a scroll of amnesia
 l - a scroll of enchant armour
 n - a scroll of blinking
 p - a scroll of enchant weapon
 s - a scroll of fear {unknown}
Books
 i - a book of Misfortune

   Spells                             Type                      Level
   a - Confusing Touch                Hexes                        1
   b - Confuse                        Hexes                        3
   c - Gell's Gravitas                Translocation                3
   d - Petrify                        Transmutation/Earth          4
   e - Metabolic Englaciation         Hexes/Ice                    5
   f - Yara's Violent Unravelling     Hexes/Transmutation          5
 o - a book of Necromancy

   Spells                             Type                      Level
   a - Pain                           Necromancy                   1
   b - Animate Skeleton               Necromancy                   1
   c - Vampiric Draining              Necromancy                   3
   d - Regeneration                   Charms/Necromancy            3
   e - Animate Dead                   Necromancy                   4
   f - Borgnjor's Vile Clutch         Necromancy/Earth             5
Comestibles
 d - 11 rations (quivered)


   Skills:
 + Level 4.7 Fighting
 - Level 3.4 Dodging
 - Level 3.1 Stealth
 * Level 13.5 Unarmed Combat


You had 10 spell levels left.
You didn't know any spells.

Dungeon Overview and Level Annotations

Branches:
Dungeon (11/15)            Temple (0/1) D:5             Orc (0/2) D:10
   Lair: D:8-11

Altars:
Cheibriados
Dithmenos
Hepliaklqana
Nemelex Xobeh
Okawaru
Qazlal
Ru
Sif Muna
Trog
Uskayaw
Vehumet
Wu Jian
Zin
The Shining One
Beogh

Shops:
D:4 [

Annotations:
D:7 exclusions: downstairs and 1 more exclusion
D:10 1 exclusion
D:11 exclusion: kobold demonologist, Harold


Innate Abilities, Weirdness & Mutations

You do not eat or drink.
Your flesh is vulnerable to fire.
You are immune to poison.
Your flesh is cold resistant. (rC+)
You are immune to negative energy. (rN+++)
You are immune to unholy pain and torment.
You can survive without breathing.


Message History

Your punch misses the acid dragon.
The acid dragon is heavily wounded.
The acid dragon bites you but does no damage.
The acid dragon barely misses you.
You closely miss the acid dragon.
The acid dragon is heavily wounded.
The acid dragon barely misses you. The acid dragon misses you.
You closely miss the acid dragon.
The acid dragon is heavily wounded.
You closely miss the acid dragon.
The acid dragon is heavily wounded.
The acid dragon spits acid at you. The splash of acid hits you!
* * * LOW HITPOINT WARNING * * *
You are splashed with acid!
The acid burns!
* * * LOW HITPOINT WARNING * * *
You hit the acid dragon.
The acid dragon is heavily wounded.
The acid dragon bites you.
You die...

.....##.#.# #.#.# .....##.#.#
#.#.# #.....o.#.# #.#.#
#########(# #.#.# #(# #.#.#
#########.# #.#.# .......[..#
#.#.#
###########################.#.#
................@D....>.....#.#
##############.[.####....)....###
#...# #.##########. #...# #.# #.
#...# #.# #. ###### #...# #.# ##
.....# #...# #.# .....# #...# #.#
.....#########...####.#


You could see an acid dragon.

Vanquished Creatures
  Erolcha (D:9)
  The ghost of Xeneth the Archer, a novice CeHu of Okawaru (D:7)
  Grinder (D:6)
  A hippogriff (D:8)
  2 yaks
  A spriggan (D:7)
  A vampire (D:10)
  A wyvern (D:5)
  Eustachio (D:5)
  4 hungry ghosts
  The ghost of Fang the Skirmisher, an amateur GrBe of Trog (D:3)
  5 orc warriors
  3 sky beasts
  A black bear (D:7)
  5 ogres
  An ice beast (D:7)
  3 phantoms
  4 centaurs
  2 crocodiles
  4 big kobolds
  A gnoll sergeant (D:8)
  3 bullfrogs
  A water moccasin zombie (D:6)
  4 scorpions
  5 killer bees
  12 wights
  9 howler monkeys
  6 crimson imps
  A bullfrog zombie (D:7)
  2 quasits
  3 hounds
  2 gnoll shamans
  7 orc priests
  5 jellies
  7 orc wizards
  3 iguanas
  A bullfrog skeleton (D:8)
  3 worker ants
  A hound zombie (D:10)
  A hound skeleton (D:4)
  A howler monkey zombie (D:11)
  Robin (D:2)
  9 gnolls
  2 howler monkey skeletons
  13 adders
  4 shadow imps
  An ooze (D:4)
  5 adder skeletons
  5 worms
  2 dart slugs
  A leopard gecko (D:1)
  38 orcs
  3 ball pythons
  7 giant cockroaches
  14 goblins
  6 hobgoblins
  2 jackals (D:5)
  19 kobolds
  3 quokkas
  4 bats
  2 frilled lizards
  A jackal skeleton (D:8)
  2 leopard gecko skeletons
  9 rats
274 creatures vanquished.

Notes
Turn   | Place    | Note
-------+----------+-------------------------------------------
     0 | D:1      | Kurtz the Mummy Monk began the quest for the Orb.
     0 | D:1      | Reached XP level 1. HP: 18/18 MP: 1/1
   249 | D:1      | Reached skill level 3 in Unarmed Combat
   249 | D:1      | Reached XP level 2. HP: 11/24 MP: 2/2
  1044 | D:2      | Found an ornate altar of the Wu Jian Council.
  1131 | D:2      | Reached XP level 3. HP: 10/29 MP: 3/3
  1679 | D:2      | Noticed Robin
  1723 | D:2      | Killed Robin
  1723 | D:2      | Reached skill level 4 in Unarmed Combat
  1956 | D:2      | Reached XP level 4. HP: 20/35 MP: 4/4
  2163 | D:2      | Got a spiked helmet
  2169 | D:2      | Identified the +0 helmet of Hedge Wizardry {Slay+2} (You took it off Robin on level 2 of the Dungeon)
  2711 | D:2      | Noticed a moth of wrath
  2714 | D:2      | Found a bloodstained altar of Trog.
  3727 | D:3      | Found a hazy altar of Hepliaklqana.
  3747 | D:3      | Noticed Fang's ghost (amateur GrBe)
  5080 | D:4      | HP: 1/35 [iguana (5)]
  5467 | D:4      | Reached XP level 5. HP: 11/41 MP: 5/5
  5723 | D:4      | Noticed an ogre
  5791 | D:4      | Reached skill level 5 in Unarmed Combat
  5924 | D:4      | Found Loufay's Armour Emporium.
  6231 | D:4      | Reached XP level 6. HP: 47/47 MP: 6/6
  6284 | D:5      | Entered Level 5 of the Dungeon
  6309 | D:5      | You fall through a shaft!
  6361 | D:7      | Noticed Xeneth's ghost (novice CeHu)
  6957 | D:6      | Found a stormy altar of Qazlal.
  7062 | D:5      | Reached skill level 6 in Unarmed Combat
  7406 | D:5      | Noticed a wyvern
  7780 | D:6      | Noticed Grinder
  8787 | D:5      | Reached XP level 7. HP: 38/52 MP: 7/7
  9427 | D:6      | Reached skill level 7 in Unarmed Combat
  9428 | D:6      | Noticed Eustachio
  9559 | D:5      | Killed Eustachio
 10724 | D:5      | Reached skill level 8 in Unarmed Combat
 10887 | D:4      | Reached XP level 8. HP: 28/58 MP: 8/8
 11112 | D:5      | Found a shadowy altar of Dithmenos.
 13954 | D:7      | Reached skill level 9 in Unarmed Combat
 14616 | D:6      | Paralysed by Grinder for 5 turns
 14631 | D:6      | Paralysed by Grinder for 5 turns
 14642 | D:6      | Killed Grinder
 18704 | D:7      | Reached skill level 10 in Unarmed Combat
 18704 | D:7      | Reached XP level 9. HP: 36/65 MP: 9/9
 19925 | D:8      | Found a hide-covered altar of Uskayaw.
 20775 | D:4      | Bought a +2 helmet of intelligence for 279 gold pieces
 20909 | D:7      | Found an iron altar of Okawaru.
 20982 | D:7      | Found a runed door.
 22105 | D:7      | Reached skill level 11 in Unarmed Combat
 22271 | D:7      | Found a sparkling altar of Nemelex Xobeh.
 24802 | D:8      | Reached XP level 10. HP: 50/72 MP: 10/10
 26704 | D:5      | Reached skill level 12 in Unarmed Combat
 27100 | D:3      | Killed Fang's ghost
 27834 | D:7      | Killed Xeneth's ghost
 29789 | D:7      | Found a roughly hewn altar of Beogh.
 29996 | D:5      | Found a staircase to the Ecumenical Temple.
 30614 | D:8      | Noticed a two-headed ogre
 30721 | D:9      | Found a snail-covered altar of Cheibriados.
 30723 | D:9      | Found a sacrificial altar of Ru.
 30723 | D:9      | Found a deep blue altar of Sif Muna.
 30724 | D:9      | Found a radiant altar of Vehumet.
 30772 | D:9      | Found a glowing golden altar of the Shining One.
 30911 | D:9      | Noticed Erolcha
 30920 | D:9      | Killed Erolcha
 31416 | D:8      | Reached skill level 13 in Unarmed Combat
 31567 | D:8      | Noticed a two-headed ogre
 32074 | D:8      | Found a glowing silver altar of Zin.
 33139 | D:10     | Entered Level 10 of the Dungeon
 34605 | D:10     | Found a staircase to the Orcish Mines.
 35693 | D:11     | Reached XP level 11. HP: 78/78 MP: 11/11
 35700 | D:11     | Noticed Harold
 35879 | D:11     | Found a flickering gateway to a bazaar.
 36179 | Bazaar   | Entered a bazaar
 36179 | Bazaar   | Found Viazil's Gadget Shop.
 36179 | Bazaar   | Found Plog's Antique Armour Emporium.
 36179 | Bazaar   | Found Cavvimp's Assorted Antiques.
 36179 | Bazaar   | Found Ishinach's Jewellery Shoppe.
 36181 | Bazaar   | Found Kyump's General Store.
 36181 | Bazaar   | Found Ahiegeic's Book Shoppe.
 36200 | Bazaar   | Bought a pair of glowing boots for 165 gold pieces
 36218 | Bazaar   | Bought 2 scrolls of teleportation for 66 gold pieces
 36245 | Bazaar   | Bought a scroll labeled COWOMN QYEPLERUWN for 29 gold pieces
 36245 | Bazaar   | Bought a scroll labeled ONAIRO CEAZE for 29 gold pieces
 36413 | D:11     | Noticed a brown ugly thing
 38378 | D:8      | HP: 2/78 [acid (14)]
 38379 | D:8      | Slain by an acid dragon

Skill      XL: |  1  2  3  4  5  6  7  8  9 10 |
---------------+-------------------------------+-----
Unarmed Combat | 3 4 5 6 8 10 11 13 | 13.5
Stealth        | 2 3 |  3.1
Fighting       | 4 |  4.7
Dodging        | 3 |  3.4

Action                   |  1- 3 |  4- 6 |  7- 9 | 10-12 || total
-------------------------+-------+-------+-------+-------++-------
Melee: Unarmed           |   149 |   285 |   631 |   450 ||  1515
       Punch             |       |     6 |    32 |    30 ||    68
  Use: Scroll            |       |     7 |     3 |     6 ||    16
 Stab: Sleeping          |     5 |     7 |     3 |     5 ||    20
       Distracted        |       |     1 |     1 |     1 ||     3
Armor: Skin              |     8 |    40 |   106 |    61 ||   215
Dodge: Dodged            |    81 |   165 |   306 |   223 ||   775
